 Dungeon Crawl Stone Soup version 0.26-a0-667-g92642533e4 (webtiles) character file.

Game seed: 1517560359552066648

13 jasper the Twirler (level 2, 0/15 HPs)
             Began as a Vine Stalker Wanderer on Oct 17, 2020.
             Slain by a hobgoblin
             ... wielding a +0 club
              (1 damage)
             ... on level 1 of the Dungeon.
             The game lasted 00:00:49 (905 turns).

jasper the Twirler (Vine Stalker Wanderer)           Turns: 905, Time: 00:00:50

Health: 0/15       AC:  2    Str: 13    XL:     2   Next: 37%
Magic:  0/3        EV:  8    Int: 12    God:
Gold:   61         SH:  7    Dex: 14    Spells: 1/1 levels left

rFire    . . .     SeeInvis .   a - +0 dagger
rCold    . . .     Faith    .   e - +0 kite shield
rNeg     . . .     Spirit   +   d - +0 robe
rPois    .         Reflect  .   (no helmet)
rElec    .         Harm     .   (no cloak)
rCorr    .         Rampage  .   (no gloves)
MR       .....                  (no boots)
Stlth    ++........             (no amulet)
HPRegen  0.05/turn              (no ring)
MPRegen  0.08/turn              (no ring)

@: no status effects
A: fangs 2, magic shield, antimagic bite, no potion heal 3, rot immunity
a: no special abilities


You were on level 1 of the Dungeon.
You visited 1 branch of the dungeon, and saw 1 of its levels.

You collected 61 gold pieces.

Inventory:

Hand Weapons
 a - a +0 dagger (weapon)
 b - a +0 quarterstaff
Missiles
 g - 83 stones (quivered)
Armour
 d - a +0 robe (worn)
 e - a +0 kite shield (worn)
Scrolls
 c - a scroll of immolation {unknown}
 f - 2 scrolls of remove curse {unknown}
 j - a scroll of magic mapping {unknown}
Potions
 h - a potion of cancellation {unknown}
 i - a potion of curing {unknown}


   Skills:
 + Level 2.0 Fighting
 - Level 2.6 Staves
 - Level 1.0 Throwing
 - Level 2.4 Stealth
 + Level 1.2 Shields
 * Level 1.8 Unarmed Combat


You had one spell level left.
You didn't know any spells.
Your spell library was empty.

Dungeon Overview and Level Annotations

Branches:
Dungeon (1/15)

Altars:


Innate Abilities, Weirdness & Mutations

You have extremely sharp teeth.
When hurt, damage is shared between your health and your magic reserves.
Your bite disrupts and absorbs the magic of your enemies.
Potions cannot restore your health.
You are immune to rotting.


Message History

You kill the goblin!
The hobgoblin hits you with a +0 club.
You take 3 damage, and have 8/15 hp.
You hit the hobgoblin but do no damage. The hobgoblin hits you with a +0 club.
* * * LOW HITPOINT WARNING * * *
You take 4 damage, and have 4/15 hp.
MASSIVE DAMAGE!!
You now have 1/3 mp.
You are too injured to fight recklessly!
You are too injured to fight recklessly!
You closely miss the hobgoblin. You closely miss the hobgoblin.
Your bite misses the hobgoblin. The hobgoblin hits you with a +0 club.
* * * LOW HITPOINT WARNING * * *
The hobgoblin barely misses you.
You take 2 damage, and have 2/15 hp.
You now have 0/3 mp.
You hit the hobgoblin but do no damage. The hobgoblin hits you with a +0 club.
* * * LOW HITPOINT WARNING * * *
You take 1 damage, and have 1/15 hp.
You hit the hobgoblin but do no damage. Your bite misses the hobgoblin.
You closely miss the hobgoblin. The hobgoblin hits you with a +0 club.
You die...

.# ......#.##.####### ##
........#.##.#
........#.##.###########
........#.##.##.....)...
........#.##............
......#.#####.........
#..........#.........
#...g......#.........
#$..@...?..#.........
#..........#.........
#..........#.........
#..........#.........
#..........#.........
######..########'####
##.###### #.# #......#
#.# ##### #......# #.#


You could see a hobgoblin.

Vanquished Creatures
  A leopard gecko (D:1)
  2 goblins (D:1)
  2 hobgoblins (D:1)
  4 bats (D:1)
  A kobold (D:1)
  2 rats (D:1)
12 creatures vanquished.

Notes
Turn   | Place    | Note
-------+----------+-------------------------------------------
     0 | D:1      | jasper the Vine Stalker Wanderer began the quest for the
                  | Orb.
     0 | D:1      | jasper set off with the following items: a +0 dagger, a +0
                  | quarterstaff, a potion of lignification, a +0 robe, a +0
                  | kite shield
     0 | D:1      | Reached XP level 1. HP: 11/11 MP: 2/2
   512 | D:1      | Reached XP level 2. HP: 13/15 MP: 1/3
   905 | D:1      | Slain by a hobgoblin

Illustrated notes

Levels and vault maps discovered:
D:1:      dpeg_arrival_lava_temple_mockup, layout_basic

Skill      XL: |  1  2 |
---------------+-------+-----
Fighting       | 2 |  2.0
Staves         | |  2.6
Throwing       | |  1.0
Stealth        | |  2.4
Shields        | |  1.2
Unarmed Combat | |  1.8

Action                   || total
-------------------------++-------
Melee: Dagger            ||    49
       Bite              ||    10
  Use: Potion            ||     1
 Stab: Sleeping          ||     2
Armor: Robe              ||     7
Dodge: Dodged            ||    13
Block: Kite shield       ||    17

Table legend: (Time is in decaauts)
 A = Elapsed time spent in this place.
 B = Non-inter-level travel time spent in this place.
 C = Inter-level travel time spent in this place.
 D = Time resting spent in this place.
 E = Time spent auto-exploring this place.
 F = Levels seen in this place.
 G = Mean time per level.
                   A        B        C        D        E       F      G
               +--------+--------+--------+--------+--------+-----+--------+
         Total |    909 |    887 |     22 |     73 |    708 |   1 |  909.0 |
       Dungeon |    909 |    887 |     22 |     73 |    708 |   1 |  909.0 |
               +--------+--------+--------+--------+--------+-----+--------+

Top non-repeatable levels by time:
     D:1: 909 daAuts
